Map: Rhoskallian LE

Players

Lelicman

  • Race: Zerg Zerg
  • League: Diamond
  • Spawn Location: 11:00

ShadowHunter

  • Race: Protoss Protoss
  • League: Diamond
  • Spawn Location: 12:00

qqq

  • Race: Zerg Zerg
  • League: Platinum
  • Spawn Location: 5:00

Massa

  • Race: Terran Terran
  • League: Gold
  • Spawn Location: 6:00

VOD

Have the link to the VOD?

Description

Time

  • Played on: Aug. 28, 2020, 6:10 a.m.
  • Length: 17:01
Show
View Real Time Build Order
Export as new Build Order

Lelicman Zerg 

Build Orders: Hatch First 

Get SALT Encoding   

  12  0:01  Drone  
  13  0:13  Overlord  
  13  0:18  Drone  
  14  0:32  Drone x2  
  16  0:37  Drone  
  17  0:56  Hatchery  
  16  1:05  Drone x2  
  18  1:19  Extractor  
  18  1:21  Spawning Pool  
  18  1:22  Drone x2  
  18  1:31  Drone  
  19  1:40  Overlord  
  19  2:15  Zergling x4  
  21  2:19  Queen x2  
  21  2:22  Drone  
  26  2:28  Hatchery  
  26  2:29  Metabolic Boost  
  25  2:49  Spore Crawler  
  24  2:58  Drone x6  
  31  3:19  Queen  
  33  3:28  Baneling Nest  
  32  3:39  Overlord  
  32  3:40  Overlord  
  32  3:41  Drone x3  
  32  3:42  Drone x2  
  32  3:44  Drone x4  
  39  3:56  Roach Warren  
  39  3:57  Zergling x4  
  40  4:09  Spine Crawler  
  39  4:19  Baneling x2  
  39  4:20  Baneling x2  
  39  4:22  Drone x4  
  43  4:25  Lair  
  43  4:26  Extractor  
  43  4:27  Extractor  
  41  4:35  Drone x3  
  41  4:37  Extractor  
  41  4:38  Drone x2  
  43  4:53  Roach  
  43  4:54  Roach x5  
  43  4:56  Zergling x2  
  56  5:01  Overlord  
  56  5:12  Overlord  
  56  5:13  Overlord  
  56  5:26  Spine Crawler  
  44  5:38  Roach x2  
  44  5:39  Roach x4  
  52  5:47  Ravager  
  53  5:52  Drone x2  
  53  6:12  Roach  
  53  6:13  Roach x3  
  59  6:24  Centrifical Hooks  
  59  6:29  Glial Reconstitution  
  59  6:31  Evolution Chamber  
  59  6:32  Evolution Chamber, Overlord x2  
  57  6:35  Queen  
  57  6:37  Queen  
  57  6:39  Drone x2  
  63  6:51  Drone  
  63  6:52  Drone  
  65  7:05  Roach x2  
  65  7:06  Roach x2  
  73  7:23  Spore Crawler  
  73  7:24  Drone x2  
  73  7:25  Spore Crawler  
  73  7:32  Zerg Melee Weapons Level 1  
  73  7:33  Zerg Ground Armor Level 1  
  73  7:36  Zergling x2  
  73  7:37  Zergling x6  
  76  7:42  Drone x2  
  76  7:43  Drone x2  
  81  7:54  Hatchery  
  80  8:00  Zergling x8  
  84  8:07  Hatchery  
  83  8:13  Roach x2  
  83  8:14  Roach x2  
  83  8:16  Overlord x2  
  91  8:21  Baneling x6  
  91  8:22  Baneling x2  
  91  8:27  Baneling x3  
  91  8:28  Baneling  
  91  8:33  Overlord x3  
  91  9:00  Zergling x12  
  83  9:19  Zergling x10  
  83  9:20  Zergling x8  
  82  9:31  Baneling x5  
  82  9:32  Baneling x4  
  82  9:33  Zergling x12  
  82  9:36  Ravager  
  82  9:38  Ravager  
  90  9:39  Roach x3  
  90  9:40  Roach x2  
  90  9:45  Ravager  
  98  9:47  Roach x3  
  104  9:53  Zergling x6  
  104  9:57  Baneling x3  
  104  9:58  Baneling x3  
  76  10:31  Zergling x16  
  76  10:32  Zergling x10  
  85  10:44  Zergling x10  
  86  10:56  Roach x5  
  92  11:00  Baneling x4  
  92  11:01  Baneling x8  
  92  11:02  Baneling x4  
  80  11:20  Zergling x4  
  80  11:21  Zergling x14  
  80  11:22  Zergling x2  
  85  11:42  Roach x3  
  85  11:43  Roach x4  
  97  11:49  Drone x3  
  100  11:54  Zerg Melee Weapons Level 2  
  100  11:56  Zergling x2  
  101  12:04  Infestation Pit  
  97  12:14  Zergling x4  
  97  12:15  Zergling x10  
  92  12:46  Roach x4  
  92  12:47  Roach x7  
  113  12:57  Zergling x10  
  113  12:58  Zergling x2  
  116  13:07  Zergling x2  
  116  13:08  Zergling x8  
  116  13:09  Zergling x2  
  114  13:35  Roach x5  
  114  13:36  Roach x2  
  124  13:48  Roach x2  
  124  13:50  Overlord  
  124  13:51  Overlord x2  
  126  14:15  Roach x6  
  129  14:38  Roach x4  
  121  14:39  Roach x4  
  97  14:49  Zergling x8  
  93  14:56  Baneling  
  93  14:57  Baneling  
  89  15:15  Zergling x14  
  89  15:16  Zergling x2  
  52  15:51  Roach x5  
  58  16:26  Roach x5  
  68  16:37  Extractor  
  68  16:38  Extractor  
  64  16:40  Roach x4  
Show
View Real Time Build Order
Export as new Build Order

ShadowHunter Protoss 

Build Orders: Blink Stalkers, Zealot Archon 

Get SALT Encoding   

  12  0:00  Probe  
  13  0:12  Probe  
  14  0:19  Pylon  
  14  0:25  Probe (Chrono Boost)  
  15  0:39  Probe (Chrono Boost)  
  15  0:40  Gateway  
  16  0:44  Probe (Chrono Boost)  
  16  0:48  Assimilator  
  17  0:54  Probe  
  18  1:06  Probe  
  19  1:18  Probe (Chrono Boost)  
  20  1:30  Probe (Chrono Boost)  
  20  1:32  Cybernetics Core  
  21  1:41  Probe  
  22  1:50  Nexus  
  22  1:53  Probe  
  23  1:58  Pylon  
  23  2:03  Assimilator  
  23  2:15  Warp Gate  
  23  2:16  Probe, Adept  
  26  2:28  Probe  
  25  2:40  Probe  
  25  2:43  Pylon  
  26  2:53  Twilight Council  
  26  2:55  Probe (Chrono Boost)  
  28  3:06  Probe (Chrono Boost)  
  30  3:13  Probe (Chrono Boost)  
  30  3:15  Probe (Chrono Boost)  
  31  3:20  Probe (Chrono Boost)  
  31  3:31  Probe x2  
  33  3:42  Blink (Chrono Boost)  
  33  3:43  Probe x2  
  35  3:55  Probe x2  
  35  3:56  Gateway  
  35  3:59  Gateway  
  37  4:07  Probe (Chrono Boost)  
  37  4:09  Pylon  
  39  4:14  Probe (Chrono Boost)  
  40  4:18  Probe (Chrono Boost)  
  40  4:22  Probe (Chrono Boost)  
  40  4:23  Probe (Chrono Boost)  
  42  4:33  Probe, Assimilator  
  42  4:34  Probe  
  44  4:39  Assimilator  
  44  4:41  Dark Shrine  
  44  4:42  Pylon  
  44  4:52  Stalker x2  
  46  4:54  Stalker  
  50  5:03  Shield Battery  
  50  5:06  Shield Battery  
  50  5:25  Stalker x3  
  52  5:49  Stalker x2  
  54  5:50  Stalker  
  50  6:02  Probe  
  50  6:03  Probe  
  44  6:11  Charge (Chrono Boost)  
  44  6:12  Stalker x3  
  44  6:18  Probe (Chrono Boost)  
  51  6:20  Probe (Chrono Boost)  
  52  6:29  Probe (Chrono Boost)  
  52  6:30  Probe (Chrono Boost)  
  52  6:32  Pylon  
  54  6:35  Gateway, Pylon  
  54  6:37  Gateway  
  54  6:39  Probe  
  55  6:40  Gateway  
  55  6:42  Gateway  
  55  6:43  Gateway  
  55  6:44  Gateway  
  55  6:45  Dark Templar x3  
  61  6:53  Probe  
  61  6:54  Probe  
  59  7:19  Dark Templar x3  
  63  7:28  Pylon  
  63  7:30  Archon  
  63  7:33  Pylon  
  63  7:37  Stalker x3  
  69  7:50  Forge  
  69  7:52  Forge  
  69  7:54  Robotics Facility  
  69  8:02  Dark Templar x3  
  75  8:11  Archon  
  75  8:13  Archon  
  75  8:30  Probe x2  
  77  8:44  Photon Cannon  
  77  8:47  Photon Cannon  
  77  8:50  Nexus  
  77  8:52  Photon Cannon, Pylon x2  
  77  8:54  Zealot x7  
  77  8:55  Zealot  
  93  8:59  Photon Cannon  
  93  9:06  Pylon  
  69  9:38  Stalker x2  
  69  9:39  Stalker x6  
  69  9:40  Stalker  
  65  10:27  Dark Templar x5  
  65  10:28  Dark Templar x4  
  73  10:45  Probe x2 (Chrono Boost)  
  73  10:48  Probe (Chrono Boost)  
  74  10:50  Photon Cannon  
  74  10:53  Photon Cannon  
  77  10:58  Probe x2 (Chrono Boost)  
  77  10:59  Probe (Chrono Boost)  
  77  11:00  Stalker x7  
  91  11:20  Zealot x2  
  91  11:38  Stalker x2  
  91  11:39  Stalker x5  
  97  11:59  Probe x2  
  97  12:00  Probe  
  100  12:16  Archon x2  
  100  12:23  Assimilator  
  100  12:27  Assimilator  
  100  12:36  Zealot x9  
  110  13:10  Dark Templar x8  
  120  13:29  Nexus  
  120  13:32  Pylon x2  
  110  13:54  Shadow Stride (Chrono Boost)  
  106  14:09  Archon  
  106  14:10  Archon x2  
  106  14:11  Archon  
  88  14:28  Zealot x6  
  88  14:29  Zealot x3  
  94  14:50  Dark Templar x3  
  94  14:51  Dark Templar  
  94  14:52  Zealot x5  
  69  15:16  Dark Templar x3  
  73  15:31  Zealot x4  
  73  15:32  Zealot x2  
  61  15:57  Dark Templar x8  
  59  16:11  Probe x3  
  62  16:19  Archon  
  62  16:23  Probe  
  55  16:30  Stalker x8  
  55  16:31  Stalker  
  62  16:57  Stalker x2  
  62  16:58  Stalker x3  
Show
View Real Time Build Order
Export as new Build Order

qqq Zerg 

Build Orders: Hatch First 

Get SALT Encoding   

  12  0:05  Drone  
  13  0:12  Drone  
  14  0:47  Hatchery, Drone  
  14  0:57  Spawning Pool  
  13  1:05  Overlord  
  13  1:11  Drone  
  13  1:16  Extractor  
  13  1:17  Drone  
  14  1:38  Drone x2  
  16  1:45  Drone  
  17  1:58  Drone  
  17  1:59  Drone  
  19  2:19  Zergling x2  
  19  2:20  Zergling x2  
  19  2:21  Queen  
  19  2:22  Metabolic Boost  
  23  2:24  Drone x2  
  25  2:32  Queen  
  27  2:43  Zergling x2  
  28  2:45  Overlord  
  28  3:08  Zergling x4  
  28  3:09  Zergling x2  
  28  3:10  Drone x3  
  34  3:20  Drone, Baneling Nest  
  34  3:22  Drone  
  34  3:31  Zergling x2  
  34  3:33  Zergling x2  
  36  3:45  Overlord  
  36  3:49  Overlord  
  36  3:51  Hatchery  
  35  3:56  Zergling x2  
  35  3:57  Overlord  
  36  4:04  Baneling x3  
  36  4:05  Baneling x2  
  36  4:06  Zergling x2  
  36  4:09  Zergling x2  
  38  4:14  Zergling x4  
  40  4:22  Zergling x2  
  40  4:23  Zergling x2  
  42  4:34  Zergling x2  
  42  4:35  Zergling x2  
  44  4:44  Zergling x6  
  44  4:45  Zergling x4  
  48  4:46  Zergling x6  
  52  5:13  Zergling x6  
  52  5:14  Zergling x10  
  57  5:15  Zergling x4  
  40  5:37  Zergling x4  
  40  5:38  Zergling x12  
  45  5:46  Zergling x2  
  39  6:17  Zergling x6  
  39  6:18  Zergling x4  
  43  6:19  Drone x3  
  43  6:20  Drone x4  
  43  6:25  Roach Warren  
  49  6:30  Lair  
  49  6:54  Drone x3  
  51  6:55  Drone x5  
  51  6:56  Drone  
  58  7:10  Hatchery  
  58  7:11  Pneumatized Carapace  
  57  7:17  Spore Crawler  
  57  7:19  Spore Crawler  
  55  7:29  Overseer  
  55  7:39  Roach x5  
  55  7:40  Drone, Overlord  
  55  7:41  Overlord x2  
  66  7:51  Glial Reconstitution  
  66  7:55  Overlord x3  
  66  7:58  Queen  
  66  8:01  Drone  
  66  8:02  Drone x4  
  72  8:23  Roach x6  
  72  8:25  Roach x4  
  72  8:26  Drone  
  93  8:32  Extractor, Evolution Chamber  
  91  8:39  Drone, Queen  
  91  8:40  Drone x3  
  97  8:48  Extractor, Roach x2  
  100  8:49  Roach  
  102  8:57  Zerg Melee Weapons Level 1  
  75  9:20  Roach x2  
  75  9:21  Zergling x8  
  75  9:22  Zergling x8  
  75  9:23  Drone x4  
  81  9:32  Roach x2  
  81  9:34  Zergling x6  
  88  9:39  Extractor  
  88  9:44  Drone x3  
  88  9:45  Extractor, Roach  
  75  10:10  Roach x2  
  75  10:11  Roach x6  
  75  10:12  Drone x3  
  75  10:13  Drone, Zergling x8  
  75  10:14  Zergling x2  
  91  10:24  Roach x3  
  91  10:25  Roach  
  91  10:26  Drone x2  
  101  10:41  Zergling x4  
  99  10:49  Roach x2  
  101  10:50  Drone x2  
  101  10:51  Roach x4  
  101  10:52  Zerg Ground Armor Level 1  
  111  10:58  Overlord x2  
  111  11:00  Drone  
  109  11:23  Roach x6  
  109  11:24  Drone x2, Roach  
  109  11:25  Roach  
  107  11:49  Roach x2  
  107  11:50  Roach x6  
  107  11:51  Drone x2, Roach x3  
  107  11:52  Roach  
  115  12:06  Drone x2  
  115  12:07  Roach x5  
  127  12:10  Hatchery  
  126  12:15  Hatchery  
  126  12:22  Hatchery  
  124  12:23  Hatchery  
  121  12:30  Evolution Chamber, Infestation Pit  
  111  12:45  Zerg Melee Weapons Level 2  
  111  12:48  Roach x7  
  111  12:49  Drone, Roach x2  
  111  13:02  Drone  
  111  13:03  Drone x5  
  111  13:04  Roach x5  
  111  13:05  Roach x4  
  119  13:10  Roach x3  
  98  13:35  Roach  
  98  13:36  Roach x7  
  98  13:37  Roach x4  
  98  13:38  Roach x6  
  124  13:46  Roach x3  
  124  13:47  Roach x2  
  124  13:48  Roach  
  133  13:56  Roach x3  
  133  13:58  Overlord  
  133  14:02  Drone  
  122  14:35  Overlord x3  
  122  14:36  Overlord x4  
  110  14:49  Roach x4  
  110  14:50  Roach x2  
  122  15:01  Zerg Missile Weapons Level 1  
  116  15:07  Hatchery  
  116  15:10  Hatchery  
  82  15:22  Roach x4  
  82  15:23  Roach x3  
  82  15:24  Drone x4  
  82  15:25  Drone, Roach x2  
  95  15:41  Roach x2  
  95  15:42  Overseer  
  95  15:54  Roach  
  97  16:10  Hatchery  
  94  16:27  Drone, Roach x4  
Show
View Real Time Build Order
Export as new Build Order

Massa Terran 

Build Orders: Reaper Expand 

Get SALT Encoding   

  12  0:03  SCV  
  13  0:16  SCV  
  13  0:20  Supply Depot  
  14  0:28  SCV  
  15  0:37  Refinery  
  15  0:42  SCV  
  16  0:49  Barracks  
  16  0:54  SCV  
  17  1:06  SCV  
  18  1:18  SCV  
  19  1:48  Command Center  
  19  1:51  Orbital Command  
  19  1:54  Reaper  
  20  2:25  Marine  
  20  2:44  Marine  
  20  2:50  Barracks  
  21  2:55  Supply Depot  
  21  3:02  Marine  
  22  3:06  Factory  
  22  3:16  Barracks  
  22  3:19  Marine  
  22  3:21  Supply Depot  
  23  3:27  SCV  
  23  3:37  Marine  
  23  3:38  Orbital Command  
  23  3:39  SCV, Marine  
  26  3:51  Factory Tech Lab  
  26  3:55  Marine  
  26  3:57  Marine  
  28  4:04  Marine  
  28  4:08  SCV x2  
  31  4:13  Barracks, Marine  
  31  4:15  Marine  
  33  4:20  Siege Tank  
  33  4:22  Marine  
  37  4:31  Marine  
  37  4:32  Starport, Marine  
  39  4:39  Marine  
  39  4:42  Engineering Bay  
  39  4:43  Refinery, SCV x2  
  45  4:52  Siege Tank  
  45  4:55  SCV x2, Marine  
  45  4:57  Marine  
  49  5:05  Barracks Tech Lab  
  49  5:07  SCV  
  49  5:08  Barracks Reactor, SCV  
  49  5:13  Marine  
  52  5:15  Marine  
  53  5:31  Marine  
  43  5:58  Marauder  
  43  6:00  Barracks Reactor  
  43  6:01  Barracks Tech Lab  
  43  6:02  Marine x2  
  42  6:07  SCV  
  42  6:08  SCV  
  44  6:12  Refinery  
  44  6:14  Medivac  
  44  6:19  Marine  
  44  6:20  SCV x2, Marauder, Marine  
  50  6:32  SCV x2  
  52  6:37  Marine, Supply Depot  
  52  6:38  Marine  
  54  6:48  Supply Depot  
  54  6:49  Stimpack  
  54  6:58  Marine x4  
  54  6:59  Marauder, Medivac  
  54  7:00  Marauder  
  61  7:01  Supply Depot  
  55  7:16  Marine x2  
  55  7:19  Marine x2  
  55  7:20  Marauder  
  55  7:22  Marauder  
  65  7:34  Marine x2  
  67  7:38  Viking  
  67  7:42  Marauder  
  67  7:43  Marauder  
  71  7:44  Combat Shield  
  71  7:46  SCV x2  
  73  7:58  SCV x2  
  75  8:10  SCV x2  
  77  8:13  Command Center, Supply Depot  
  77  8:22  SCV  
  78  8:29  Concussive Shells  
  78  8:34  SCV, Medivac, Ghost Academy  
  78  8:37  Supply Depot  
  81  8:41  Siege Tank  
  81  8:46  Refinery  
  84  8:49  SCV  
  84  8:50  SCV  
  86  9:02  SCV x2  
  88  9:13  Siege Tank  
  88  9:14  SCV x2  
  77  9:36  Marauder x2, Marine x4  
  85  9:48  Medivac  
  87  9:53  Marine  
  87  9:54  Marine  
  87  9:57  Marauder x2  
  73  10:18  Marauder, Medivac  
  73  10:19  Marauder  
  73  10:20  Marine  
  73  10:21  Marine x3  
  70  10:29  Orbital Command  
  70  10:30  SCV x2  
  72  10:38  Marine x3  
  72  10:39  Marine  
  72  10:40  Marauder x2  
  72  10:42  SCV x2  
  82  10:44  Siege Tank  
  85  10:54  SCV  
  85  10:56  Marine x2  
  88  10:59  Terran Infantry Weapons Level 1  
  88  11:00  Armory  
  88  11:01  Marauder x2  
  88  11:02  Engineering Bay  
  92  11:16  Siege Tank  
  92  11:19  Command Center  
  92  11:23  Marauder x2  
  94  12:04  Command Center  
  71  12:27  Marauder  
  71  12:28  Marauder  
  71  12:29  Marine x4  
  79  12:32  Thor  
  79  12:33  Medivac  
  87  12:40  Orbital Command  
  87  12:46  Marine  
  87  12:47  Marine x3  
  87  12:49  Marauder x2  
  92  13:03  Medivac  
  92  13:04  Marine  
  92  13:05  Marine x3  
  96  13:10  Marauder x2  
  80  13:13  Bunker x2  
  80  13:14  Thor  
  84  13:22  Marine x4  
  88  13:32  Marauder x2  
  88  13:33  Medivac  
  94  13:40  Barracks x2, Marine x3  
  97  13:51  Barracks  
  97  13:53  Marauder x2  
  101  13:57  Siege Tank  
  104  14:03  Medivac  
  104  14:07  Marine x3  
  104  14:08  Marine, Command Center  
  110  14:14  Marauder  
  110  14:15  Marauder  
  114  14:24  Marine  
  114  14:25  Marine x2  
  114  14:26  Marine  
  118  14:36  Marauder x2  
  115  14:42  Barracks Tech Lab, Marine  
  115  14:43  Barracks Reactor, Barracks Tech Lab, Marine x2  
  115  14:44  Marine  
  119  14:50  Planetary Fortress  
  119  14:54  SCV  
  119  14:55  SCV x2  
  119  14:57  Marauder  
  124  15:00  Marauder, Marine x3  
  124  15:01  Marine  
  124  15:06  SCV  
  124  15:19  SCV x2  
  124  15:20  SCV, Marauder  
  129  15:21  Marauder  
  129  15:32  SCV x3  
  131  15:42  Marauder  
  123  15:43  Marauder  
  123  15:44  SCV  
  110  16:03  Marauder  
  108  16:04  Marauder  
  87  16:16  Marauder  
  87  16:17  Marauder, Marine x3  
  87  16:18  Marine x3  
  96  16:23  Planetary Fortress  
  96  16:24  Marauder  
  96  16:25  SCV x4, Marauder  
  104  16:35  Marine x6  
  104  16:38  Marauder x2, Missile Turret  
  114  16:41  Refinery  
  114  16:43  Refinery  
  114  16:45  Refinery x2  
  124  16:59  Missile Turret  
Tags
 
Add a new tag
Caveats
  • Supply blocks, unpowered buildings, or Contaminate may cause inaccurate times.
  • Supply counts are checked every 10 seconds.